 Seeded DCSS version 0.24.0-1-gfbc8707 (webtiles) character file.

Game seed: 123456, levelgen mode: deterministic

100 Ayyar the Skirmisher (level 4, -2/29 HPs)
             Began as a Gargoyle Fighter on Jan 12, 2020.
             Slain by a gnoll
             ... wielding a +0 spear
              (4 damage)
             ... on level 2 of the Dungeon.
             The game lasted 00:06:01 (1231 turns).

Ayyar the Skirmisher (Gargoyle Fighter)             Turns: 1231, Time: 00:06:01

Health: -2/29      AC: 10    Str: 21    XL:     4   Next: 74%
Magic:  4/4        EV:  7    Int:  8    God:
Gold:   95         SH:  9    Dex:  9    Spells: 3/3 levels left

rFire    . . .     SeeInvis .   a - +0 flail
rCold    . . .     Gourm    .   c - +0 shield
rNeg     + . .     Faith    .   b - +0 scale mail
rPois    ∞         Spirit   .   (no helmet)
rElec    +         Reflect  .   (no cloak)
rCorr    .         Harm     .   (no gloves)
MR       .....                  (no boots)
Stlth    ..........             (no amulet)
HPRegen  0.09/turn              (no ring)
MPRegen  0.09/turn              (no ring)

@: no status effects
A: negative energy resistance 1, electricity resistance, unbreathing,
petrification resistance, rot immunity, AC +3
a: no special abilities


You were on level 2 of the Dungeon.
You were very hungry.

You visited 1 branch of the dungeon, and saw 2 of its levels.

You collected 95 gold pieces.

Inventory:

Hand Weapons
 a - a +0 flail (weapon)
Armour
 b - a +0 scale mail (worn)
 c - a +0 shield (worn)
Jewellery
 g - an uncursed amulet of rage {unknown}
Scrolls
 e - a scroll of magic mapping {unknown}
 j - a scroll of identify {unknown}
 l - a scroll of teleportation {unknown}
 m - a scroll of noise {unknown}
 n - a scroll of remove curse {unknown}
 o - a scroll of fog {unknown}
Potions
 d - a potion of flight {unknown}
 h - a potion of invisibility {unknown}
 i - a potion of haste {unknown}
 k - a potion of heal wounds {unknown}
 p - a potion of brilliance {unknown}
Comestibles
 f - a ration


   Skills:
 + Level 4.1 Fighting
 + Level 2.9 Maces & Flails
 + Level 4.0 Armour
 + Level 4.0 Shields


You had 3 spell levels left.
You didn't know any spells.
Your spell library was empty.

Dungeon Overview and Level Annotations

Branches:
Dungeon (2/15)

Altars:


Innate Abilities, Weirdness & Mutations

You are resistant to torment.
Your stone body is resilient. (AC +3)
You are immune to poison.
You resist negative energy. (rN+)
You are resistant to electric shocks. (rElec)
You can survive without breathing.
You are immune to petrification.
You are immune to rotting.


Message History

You hit the gnoll but do no damage.
The gnoll is almost dead.
You block the gnoll's attack.
You thump the gnoll!
You kill the gnoll!
Your Armour skill increases to level 4!
The gnoll hits you from afar with a +0 halberd.
* * * LOW HITPOINT WARNING * * *
The gnoll shouts!
The gnoll hits you but does no damage.
You see here a +0 flail.
You barely miss the gnoll. You block the gnoll's attack.
You sock the gnoll!
The gnoll is heavily wounded.
The gnoll closely misses you.
You hit the gnoll.
You kill the gnoll!
There is an escape hatch in the floor here.
The gnoll hits you from afar with a +0 spear.
You die...

.########...#..........
..............)........
........###.).........
##..........).##......
...#.........###.....
..........##.##.....#
..##.##..###.#......# #
#..g..#...#......#
#.##@##....###......#
#..<.....#....g.....#
#...(##...####.......#
#.##.##.>..# ........#
# ......#...g.......#
#..#.##.... .... .#...
####. # .


You could see a gnoll.

Vanquished Creatures
  Terence (D:1)
  3 gnolls (D:2)
  An adder (D:1)
  A worm (D:2)
  A dart slug (D:1)
  2 leopard geckos
  A ball python (D:1)
  4 giant cockroaches
  4 goblins (D:1)
  4 hobgoblins
  3 bats (D:1)
  A frilled lizard (D:1)
  4 kobolds
  2 rats
32 creatures vanquished.

Notes
Turn   | Place    | Note
-------+----------+-------------------------------------------
     0 | D:1      | Ayyar the Gargoyle Fighter began the quest for the Orb.
     0 | D:1      | Reached XP level 1. HP: 14/14 MP: 1/1
    65 | D:1      | Reached XP level 2. HP: 12/19 MP: 2/2
   510 | D:1      | Reached XP level 3. HP: 22/23 MP: 3/3
   539 | D:2      | Noticed Terence
   938 | D:1      | Killed Terence
   938 | D:1      | Reached XP level 4. HP: 11/29 MP: 4/4
  1220 | D:2      | HP: 1/29 [gnoll/+0 halberd (2)]
  1231 | D:2      | Slain by a gnoll

Levels and vault maps discovered:
D:1:      lightli_arrival_statuegarden, layout_rooms
D:2:      layout_rooms, gammafunk_temple_overflow_pools, uniq_terence

Skill      XL: |  1  2  3  4 |
---------------+-------------+-----
Fighting       | 4 |  4.1
Shields        | 4 |  4.0
Armour         | 4 |  4.0
Maces & Flails | |  2.9

Action                   |  1- 3 |  4- 6 || total
-------------------------+-------+-------++-------
Melee: Flail             |   116 |    26 ||   142
  Use: Potion            |     1 |       ||     1
Armor: Scale mail        |    88 |     8 ||    96
Dodge: Dodged            |    68 |     7 ||    75
Block: Shield            |    78 |    11 ||    89
